 Dungeon Crawl Stone Soup version 0.28-a0-863-g8cecda6153 (webtiles) character file.

Game seed: 10513672487733044010

36 sanka the Poker (level 3, 0/46 HPs)
             Began as a Palentonga Abyssal Knight on Nov 17, 2021.
             Was a Follower of Lugonu.
             Slain by a goblin (3 damage)
             ... led by Robin
             ... on level 2 of the Dungeon.
             The game lasted 00:01:42 (952 turns).

sanka the Poker (Palentonga Abyssal Knight)          Turns: 952, Time: 00:01:42

Health: 0/46       AC: 21    Str: 16 (17) XL:     3   Next: 19%
Magic:  4/4        EV:  1    Int:  8 (10) God:    Lugonu [*.....]
Gold:   12         SH:  0    Dex:  7 (10) Spells: 2/2 levels left

rFire   . . .      SeeInvis +   (no weapon)
rCold   . . .      Faith    .   (no shield)
rNeg    . . .      Spirit   .   (armour currently unavailable)
rPois   +          Reflect  .   (helmet currently unavailable)
rElec   .          Harm     .   (cloak currently unavailable)
rCorr   .          Rampage  .   (gloves currently unavailable)
Will    .....      NoTele   +   (no barding)
Stlth   +.........              (no amulet)
HPRegen 0.15/turn               (no ring)
MPRegen 0.09/turn               (no ring)

@: tree-form (expiring)
A: stationary, stasis, torment immunity, boosted hp, large, rugged brown scales
3, see invisible, (deformed body), (roll 1), (armoured tail)
a: Renounce Religion, Depart the Abyss


You were on level 2 of the Dungeon.
You worshipped Lugonu.
Lugonu was aware of your devotion.
You were a tree.
You visited 1 branch of the dungeon, and saw 2 of its levels.
You visited the Abyss 1 time.

You collected 12 gold pieces.


Innate Abilities, Weirdness & Mutations

You are a tree.
Your roots penetrate the ground, keeping you stationary.
You cannot be teleported.
You are immune to unholy pain and torment.
Your maximum health is greatly increased.
Your equipment is partially melded.
(You are completely covered in rugged brown scales. (AC +3, +7% HP))
You have supernaturally acute eyesight. (SInv)
((Armour fits poorly on your strangely shaped body.))
((You can roll at nearby foes to attack.))
((You have a long armoured tail.))


   Skills:
 - Level 3.0 Fighting
 + Level 3.3 Polearms
 - Level 1.5 Armour
 - Level 0.7 Dodging
 - Level 2.0 Invocations


You had 2 spell levels left.
You didn't know any spells.
Your spell library contained the following spells:

 Spells                   Type           Power      Damage    Failure   Level
 Apportation              Tloc           0%         N/A       41%         1
 Alistair's Intoxication  Tmut/Pois      0%         N/A       100%        5

Inventory:

Hand Weapons
 a - a +1 spear
Armour
 b - a +0 leather armour (melded)
Wands
 h - a wand of acid (7)
Scrolls
 c - a scroll of enchant armour {unknown}
 d - a scroll of enchant weapon {unknown}
Potions
 e - a potion of degeneration {!q}

Dungeon Overview and Level Annotations

Branches:
Dungeon (2/15)

Altars:
The Shining One

Annotations:
D:2 Robin

▒.... .....≈.▒▒ +....
..≈.≈..▒ ▒...▒▒▒▒▒▒.≈≈.?≈▒
▒Sg)gr.......▒ ▒.▒▒▒gg....▒.▒
▒.▒ +...£..▒.▒ ▒.▒ ▒......▒.▒
▒g▒ ▒..▒▒▒g▒.▒ ▒g▒ ▒... ▒♣▒.▒
..... ▒r▒ ▒▒.▒.▒r▒.▒ ......
▒g▒ ..▒<▒...▒▒▒▒▒▒▒.......
▒.▒ ▒▒▒▒▒▒g.......▒.......
▒▒▒g▒▒▒▒▒..g'........+.......
▒....r.▒▒r▒▒▒................
▒......r..▒ ▒.........▒▒..≈..
▒......▒▒▒▒ ▒....._...▒..≈≈..
▒...▒▒▒▒ ▒?...............


You could see Robin, a goblin (strong) and a rat.


Message History

Unknown command.
You closely miss the goblin. The goblin hits you but does no damage.
You smack the goblin!
You kill the goblin!
Lugonu accepts your kill.
The ball python bites you but does no damage.
Unknown command.
You hit the ball python.
You kill the ball python!
Lugonu accepts your kill.
Unknown command.
You smack the hobgoblin!
You kill the hobgoblin!
Lugonu accepts your kill.
Unknown command.
You smack the hobgoblin!
You kill the hobgoblin!
Lugonu accepts your kill.
Robin roars a battlecry!
The goblin goes into a battle-frenzy!
You hear a shout!
You hit the goblin.
You kill the goblin!
Lugonu accepts your kill.
Your transformation is almost over.
Robin throws the goblin at you!
You hit the goblin but do no damage. The goblin hits you with a +0 dagger.
You die...

Action                   || total
-------------------------++-------
Melee: Spear             ||    74
       Unarmed           ||    15
       Tailslap          ||     2
Invok: Depart the Abyss  ||     1
  Use: Potion            ||     3
Armor: Leather armour    ||    32
       Skin              ||    12
Dodge: Dodged            ||    40

Levels and vault maps discovered:
D:1:      kilobyte_arrival_exit_the_forest, layout_loops_ring,
          chequers_ecumenical_altar_twisty, kennysheep_doodads
D:2:      layout_basic, basic_altar, kennysheep_flooded_box,
          kennysheep_decorative_pillar, chequers_serial_rivers_micro_c,
          uniq_terence, uniq_robin

Notes
Turn   | Place    | Note
-------+----------+-------------------------------------------
     0 | Abyss:1  | sanka the Palentonga Abyssal Knight began the quest for the
                  | Orb.
     0 | Abyss:1  | Reached XP level 1. HP: 19/19 MP: 2/2
     5 | Abyss:1  | Noticed a sixfirhy
     8 | D:1      | Escaped the Abyss
   354 | D:1      | Reached skill level 2 in Polearms
   364 | D:1      | Reached * piety under Lugonu
   482 | D:1      | Reached XP level 2. HP: 25/25 MP: 3/3
   856 | D:2      | Noticed Robin
   857 | D:2      | Found a glowing golden altar of the Shining One.
   890 | D:2      | Reached skill level 3 in Polearms
   927 | D:2      | HP: 2/25 [quokka (3)]
   938 | D:2      | HP: 2/37 [quokka (3)]
   941 | D:2      | Reached XP level 3. HP: 2/31 MP: 4/4
   952 | D:2      | Slain by a goblin

Vanquished Creatures
  A dart slug (D:1)
  2 ball pythons
  A giant cockroach (D:1)
  6 goblins (D:2)
  8 hobgoblins
  3 kobolds
  3 quokkas
  3 bats (D:1)
  A rat (D:1)
28 creatures vanquished.
